 Dungeon Crawl Stone Soup version 0.29.1-1-gd02db6906a (webtiles) character file.

Game seed: 4756982793649585624

73 sankara the Shield-Bearer (level 4, -4/29 HPs)
             Began as a Gargoyle Fighter on Oct 20, 2022.
             Killed from afar by an orc wizard (6 damage)
             ... with a puff of flame
             ... on level 3 of the Dungeon.
             The game lasted 00:03:35 (2051 turns).

sankara the Shield-Bearer (Gargoyle Fighter)        Turns: 2051, Time: 00:03:36

Health: -4/29      AC: 12    Str: 19    XL:     4   Next: 27%
Magic:  4/4        EV:  7    Int:  9    God:
Gold:   124        SH:  4    Dex: 11    Spells: 3/3 levels left

rFire   . . .      SeeInvis .   a - +0 flail
rCold   . . .      Faith    .   c - +0 buckler
rNeg    + . .      Spirit   .   k - +0 chain mail
rPois   ∞          Reflect  .   (no helmet)
rElec   +          Harm     .   (no cloak)
rCorr   .          Rampage  .   (no gloves)
Will    .....                   (no boots)
Stlth   ..........              (no amulet)
HPRegen 0.09/turn               (no ring)
MPRegen 0.09/turn               (no ring)

@: no status effects
A: sickness immunity, AC +3, negative energy resistance 1, electricity
resistance, torment resistance 1, petrification resistance
a: no special abilities


You were on level 3 of the Dungeon.
You visited 1 branch of the dungeon, and saw 3 of its levels.

You collected 124 gold pieces.

Inventory:

Hand Weapons
 a - a +0 flail (weapon)
Missiles
 g - 9 stones (quivered)
 u - 2 javelins
Armour
 c - a +0 buckler (worn)
 k - a +0 chain mail (worn)
 o - a +0 kite shield
Wands
 l - a wand of polymorph (8)
 t - a wand of flame (18)
Scrolls
 e - a scroll of magic mapping {unknown}
 h - a scroll of fear {unknown}
 i - 2 scrolls of identify {unknown}
 m - a scroll of blinking {unknown}
 n - a scroll of poison {unknown}
Potions
 b - 2 potions of cancellation
 d - a potion of might
 f - 2 potions of curing {unknown}
 j - a potion of degeneration {unknown}
 p - a potion of haste {unknown}
 q - a potion of berserk rage {unknown}
 r - a potion of ambrosia {unknown}
 s - a potion of heal wounds {unknown}


   Skills:
 + Level 3.8 Fighting
 * Level 3.1 Maces & Flails
 + Level 3.8 Armour
 + Level 3.8 Shields


You had 3 spell levels left.
You didn't know any spells.
Your spell library was empty.

Dungeon Overview and Level Annotations

Branches:
Dungeon (3/15)

Altars:
Uskayaw

Shops:
D:1 (


Innate Abilities, Weirdness & Mutations

You are immune to sickness and miasma.
Your stone body is resilient. (AC +3)
You are immune to poison.
You resist negative energy. (rN+)
You are resistant to electric shocks. (rElec)
You are resistant to unholy torment.
You are immune to petrification.


Message History

The magic dart hits you but does no damage.
The orc closely misses you. The orc hits you with a +0 flail.
Something hits you but does no damage.
The orc wizard gestures at you while chanting.
You are confused.
Something hits you but does no damage.
The orc wizard points at you and mumbles some strange words.
You resist with some effort. The orc closely misses you.
The orc attacks as you move away! The orc closely misses you.
You hear some strange, mumbled words.
A puff of flame appears from out of thin air!
The puff of flame hits you but does no damage.
You hit the orc wizard but do no damage.
The orc wizard hits you with a +0 dagger.
* * * LOW HITPOINT WARNING * * *
Something hits you but does no damage. The orc hits you with a +0 flail.
* * * LOW HITPOINT WARNING * * *
Unknown command.
You hit the orc.
The orc is almost dead.
Something hits you but does no damage. The orc wizard barely misses you.
The orc barely misses you.
Unknown command.
You bump into the rock wall.
You feel less confused.
The orc wizard hits you but does no damage.
Something hits you but does no damage. The orc hits you but does no damage.
Unknown command.
Something hits you.
* * * LOW HITPOINT WARNING * * *
The orc wizard gestures wildly while chanting.
The orc wizard flickers and vanishes!
You hear some strange, mumbled words.
A puff of flame appears from out of thin air!
The puff of flame hits you but does no damage.
It was a potion of cancellation.
You feel magically purged.
You hear some strange, mumbled words.
A puff of flame appears from out of thin air!
The puff of flame hits you.
You die...

#..# #..# #..# ##
#..# # ##.# #..#
#.#...###..#
#......##..#
##.......#..#
#......{.@..#
##.....{o##.#
........###.#
##.#...####.#######
#....[...........#
##########.#####.#
#.# #.# ###.### #


You could see an orc.

Vanquished Creatures
  Ijyb (D:2)
  An adder (D:3)
  2 worms (D:2)
  2 ball pythons (D:2)
  4 endoplasms
  2 giant cockroaches
  5 goblins
  3 hobgoblins
  2 kobolds (D:1)
  A quokka (D:1)
  4 bats
  A frilled lizard (D:2)
  5 rats
33 creatures vanquished.

Notes
Turn   | Place    | Note
-------+----------+-------------------------------------------
     0 | D:1      | sankara the Gargoyle Fighter began the quest for the Orb.
     0 | D:1      | Reached XP level 1. HP: 14/14 MP: 1/1
   337 | D:1      | Reached XP level 2. HP: 19/19 MP: 2/2
   429 | D:1      | You fall into a shaft and drop 1 floor!
   706 | D:1      | Reached XP level 3. HP: 20/23 MP: 3/3
   869 | D:1      | Found Diteg's Antique Weapon Boutique.
   880 | D:1      | Found a faded altar of an unknown god.
  1620 | D:3      | Noticed Ijyb
  1859 | D:2      | Killed Ijyb
  1860 | D:2      | Reached XP level 4. HP: 25/29 MP: 4/4
  1943 | D:3      | Found a hide-covered altar of Uskayaw.
  2050 | D:3      | HP: 1/29 [something (2)]
  2051 | D:3      | Killed from afar by an orc wizard

Illustrated notes

Levels and vault maps discovered:
D:1:      dpeg_arrival_tiny_a, layout_basic, ebering_ecumenical_altar_webs,
          serial_shops, nicolae_shop_crystal
D:2:      layout_rooms
D:3:      layout_loops_ring, lemuel_crystal_altar, uniq_ijyb

Skill      XL: |  1  2  3 |
---------------+----------+-----
Maces & Flails | 3 |  3.1
Fighting       | |  3.8
Armour         | |  3.8
Shields        | |  3.8

Action                   |  1- 3 |  4- 6 || total
-------------------------+-------+-------++-------
Melee: Flail             |   155 |     8 ||   163
       Unarmed           |     6 |       ||     6
  Use: Potion            |       |     1 ||     1
Armor: Scale mail        |    50 |       ||    50
       Chain mail        |    52 |    15 ||    67
       Skin              |    11 |       ||    11
Dodge: Dodged            |    73 |     5 ||    78
Block: Buckler           |    28 |       ||    28
